 Dungeon Crawl Stone Soup version 0.29.0-4-gdea44cf6ec (webtiles) character file.

Game seed: 10678365136392573974

14 qw the Firebug (level 2, -2/23 HPs)
             Began as a Ghoul Fire Elementalist on Aug 29, 2022.
             Slain by a quokka (4 damage)
             ... on level 1 of the Dungeon.
             The game lasted 00:00:42 (959 turns).

qw the Firebug (Ghoul Fire Elementalist)             Turns: 959, Time: 00:00:42

Health: -2/23      AC:  2    Str: 11    XL:     2   Next: 41%
Magic:  3/3        EV: 12    Int: 10    God:
Gold:   24         SH:  0    Dex:  9    Spells: 3/4 levels left

rFire   . . .      SeeInvis .     - Unarmed
rCold   + . .      Faith    .   (no shield)
rNeg    + + +      Spirit   .   a - +0 robe
rPois   inf        Reflect  .   (no helmet)
rElec   .          Harm     .   (no cloak)
rCorr   .          Rampage  .   (no gloves)
Will    .....                   (no boots)
Stlth   ++........              (no amulet)
HPRegen 0.00/turn               (no ring)
MPRegen 0.08/turn               (no ring)

@: inhibited regen
A: claws 1, cold resistance 1, negative energy resistance 3, inhibited
regeneration, torment resistance 2, devour on kill
a: no special abilities


You were on level 1 of the Dungeon.
You visited 1 branch of the dungeon, and saw 1 of its levels.

You collected 24 gold pieces.


Innate Abilities, Weirdness & Mutations

You are immune to poison.
You have sharp fingernails.
Your flesh is cold resistant. (rC+)
You are immune to negative energy. (rN+++)
You do not regenerate when monsters are visible.
You are immune to unholy pain and torment.
You thrive by killing the living.


   Skills:
 - Level 1.0 Fighting
 - Level 1.7 Dodging
 - Level 2.1 Stealth
 + Level 1.7 Unarmed Combat
 - Level 1.7 Spellcasting
 - Level 0.7 Conjurations
 - Level 2.4 Fire Magic


You had 3 spell levels left.
You knew the following spells:

 Your Spells              Type           Power      Damage    Failure   Level
a - Foxfire               Conj/Fire      16%        2x1d4     17%         1

Your spell library contained the following spells:

 Spells                   Type           Power      Damage    Failure   Level
 Scorch                   Fire           10%        2d6       19%         2
 Conjure Flame            Conj/Fire      4%         6-21      45%         3
 Inner Flame              Hex/Fire       3%         N/A       52%         3
 Flame Wave               Conj/Fire      4%         2d5       86%         4

Inventory:

Armour
 a - a +0 robe (worn)
 d - a +0 cloak
 g - a +0 chain mail
Scrolls
 f - 2 scrolls of identify {unknown}
 i - a scroll of teleportation {unknown}
Potions
 b - a potion of magic
 c - a potion of resistance {unknown}
 e - 3 potions of curing {unknown}
 h - a potion of cancellation {unknown}
 j - a potion of berserk rage {unknown}

Dungeon Overview and Level Annotations

Branches:
Dungeon (1/15)

Altars:


Message History

The quokka bites you but does no damage.
The quokka closely misses you.
You barely miss the quokka. The quokka bites you.
You closely miss the quokka. The quokka bites you.
You barely miss the quokka. The quokka completely misses you.
You barely miss the quokka. The quokka bites you.
You closely miss the quokka. The quokka closely misses you.
You completely miss the quokka. The quokka barely misses you.
You barely miss the quokka. The quokka misses you.
The endoplasm hits you but does no damage.
The quokka bites you.
You miss the quokka. The quokka completely misses you.
The endoplasm freezes you.
You are frozen.
You resist.
You closely miss the quokka. The quokka bites you.
The endoplasm barely misses you.
You scratch the quokka.
The quokka is moderately wounded.
The quokka barely misses you. The endoplasm closely misses you.
You closely miss the quokka. The quokka bites you. The endoplasm hits you.
You miss the quokka. The quokka bites you. The endoplasm closely misses you.
The quokka closely misses you.
You closely miss the quokka. The quokka closely misses you.
The endoplasm hits you.
You barely miss the quokka. The quokka misses you.
You scratch the quokka.
The quokka is heavily wounded.
The endoplasm misses you. The quokka bites you.
You die...

#.# #.# #.# #.#
#.# ##### #.#
#####...
#)...#...#.#####
#.....r@.......# #
......J#.#.###.#.#
..
#.#.###.##.###.#.#
..# # ## #.......#
#.# #####.### #.#
#..# #.### ##.#
(... ###.# ##.##
##.#.#


You could see an endoplasm and a quokka.

Vanquished Creatures
  A ball python (D:1)
  An endoplasm (D:1)
  A giant cockroach (D:1)
  3 hobgoblins (D:1)
  A kobold (D:1)
  A quokka (D:1)
  A frilled lizard (D:1)
  A goblin (D:1)
  2 rats (D:1)
12 creatures vanquished.

Notes
Turn   | Place    | Note
-------+----------+-------------------------------------------
     0 | D:1      | qw the Ghoul Fire Elementalist began the quest for the Orb.
     0 | D:1      | Reached XP level 1. HP: 14/14 MP: 2/2
     0 | D:1      | 0 ||| qw: Version: 0.1-a-90-g952f4b7
     0 | D:1      | 0 ||| qw: Game counter: 3771
     0 | D:1      | 0 ||| qw: Always use a shield: true
     0 | D:1      | 0 ||| qw: God list: Okawaru
     0 | D:1      | 0 ||| qw: Allow faded altars: false
     0 | D:1      | 0 ||| qw: Do Orc after D:15 true
     0 | D:1      | 0 ||| qw: Do second Lair branch before Depths: true
     0 | D:1      | 0 ||| qw: Lair rune preference: random
     0 | D:1      | 0 ||| qw: Plans: Normal
     0 | D:1      | 0 ||| PLANNING D:1-11
    19 | D:1      | Found a faded altar of an unknown god.
   227 | D:1      | Reached skill level 1 in Unarmed Combat
   541 | D:1      | Reached skill level 1 in Fighting
   541 | D:1      | Reached XP level 2. HP: 23/23 MP: 3/3
   956 | D:1      | HP: 3/23 [quokka (3)]
   959 | D:1      | Slain by a quokka

Levels and vault maps discovered:
D:1:      tarquinn_simple_flora_water_e, layout_loops_corners,
          basic_ecumenical_altar

Skill      XL: |  1 |
---------------+----+-----
Unarmed Combat | 1 |  1.7
Fighting       | 1 |  1.0
Dodging        | |  1.7
Stealth        | |  2.1
Spellcasting   | |  1.7
Conjurations   | |  0.7
Fire Magic     | |  2.4

Action                   || total
-------------------------++-------
Melee: Unarmed           ||    59
       Punch             ||     1
Armor: Robe              ||     6
Dodge: Dodged            ||    36

Table legend:
 A = Non-vault XP
 B = Vault XP
 C = Vault XP percentage of total XP
 D = Non-vault monster count
 E = Vault monster count
 F = Vault count percentage of total count
                 A         B        C        D         E       F
            +---------+---------+-------+---------+---------+-------
      Total |      20 |       0 |   0.0 |      12 |       0 |   0.0
            +---------+---------+-------+---------+---------+-------
        D:1 |      20 |       0 |   0.0 |      12 |       0 |   0.0
            +---------+---------+-------+---------+---------+-------
